 Dungeon Crawl Stone Soup version 0.21.0-24-g2553a33 (webtiles) character file.

394 tidbits the Firebug (level 6, -3/44 HPs)
             Began as a Gnoll Fire Elementalist on Jan 19, 2018.
             Was an Initiate of Cheibriados.
             Slain by a death yak (18 damage)
             ... on level 8 of the Dungeon.
             The game lasted 00:11:08 (1154 turns).

tidbits the Firebug (Gnoll Fire Elementalist)       Turns: 1154, Time: 00:11:09

Health: -3/44      AC: 11    Str: 11    XL:     6   Next: 81%
Magic:  8/14       EV:  6    Int: 20    God:    Cheibriados [......]
Gold:   181        SH:  0    Dex: 17    Spells: 5/15 levels left

rFire    + . .     SeeInvis .   a - +1 short sword (elec)
rCold    . . .     Gourm    .   (no shield)
rNeg     . . .     Faith    .   B - +1 chain mail of the Arcane {rElec rF+ Slay+6}
rPois    .         Spirit   .   E - +0 helmet
rElec    +         Reflect  .   (no cloak)
rCorr    .         Harm     .   G - +0 pair of gloves
MR       .....                  (no boots)
Stlth    ..........             (no amulet)
HPRegen  0.14/turn              (no ring)
MPRegen  0.14/turn              (no ring)

@: very slow
A: distributed training, fangs 1, strong nose
a: Bend Time, Renounce Religion


You were on level 8 of the Dungeon.
You worshipped Cheibriados.
Cheibriados was noncommittal.
You were not hungry.

You visited 2 branches of the dungeon, and saw 9 of its levels.

You collected 181 gold pieces.

Inventory:

Hand Weapons
 a - a +1 short sword of electrocution (weapon)
   (You found it on level 2 of the Dungeon)
 b - a +1 hunting sling of flaming
   (You found it on level 1 of the Dungeon)
 d - a +0 dagger
 g - a +0 morningstar
 l - a +0 falchion
Missiles
 i - 34 sling bullets
 j - 65 arrows
 m - 32 stones
 n - 2 throwing nets {!f}
 t - 9 tomahawks (quivered)
Armour
 k - a +0 robe
 u - a +0 ring mail
 B - the +1 chain mail of the Arcane (worn) {rElec rF+ Slay+6}
   (You found it on level 7 of the Dungeon)

   It affects your accuracy and damage with ranged weapons and melee attacks
   (+6).
   It protects you from fire.
   It insulates you from electricity.
 E - a +0 helmet (worn)
 G - a +0 pair of gloves (worn)
Wands
 r - a wand of flame (34)
Scrolls
 e - a scroll of blinking {unknown}
 o - 3 scrolls of remove curse
 s - 4 scrolls of teleportation
 v - 4 scrolls of enchant weapon {unknown}
 w - 3 scrolls of fog
Potions
 h - a potion of berserk rage
 p - a potion of heal wounds {unknown}
 x - a potion of flight
 z - a potion of curing
Books
 f - a book of Flames

   Spells                             Type                      Level
   a - Flame Tongue                   Conjuration/Fire             1
   b - Throw Flame                    Conjuration/Fire             2
   c - Conjure Flame                  Conjuration/Fire             3
   d - Inner Flame                    Hexes/Fire                   3
   e - Sticky Flame                   Conjuration/Fire             4
   f - Fireball                       Conjuration/Fire             5
 q - a book of Changes
   (You found it on level 6 of the Dungeon)

   Spells                             Type                      Level
   a - Beastly Appendage              Transmutation                1
   b - Sticks to Snakes               Transmutation                2
   c - Spider Form                    Transmutation/Poison         3
   d - Ice Form                       Ice/Transmutation            4
   e - Blade Hands                    Transmutation                5
Comestibles
 c - 7 rations


   Skills:
 + Level 2.1 Fighting
 + Level 2.1 Short Blades
 + Level 2.1 Long Blades
 + Level 2.1 Axes
 + Level 2.1 Maces & Flails
 + Level 2.1 Polearms
 + Level 2.1 Staves
 + Level 2.1 Slings
 + Level 2.1 Bows
 + Level 2.1 Crossbows
 + Level 2.1 Throwing
 + Level 2.1 Armour
 + Level 5.0 Dodging
 + Level 4.6 Stealth
 + Level 2.1 Shields
 + Level 2.1 Unarmed Combat
 + Level 5.4 Spellcasting
 + Level 2.7 Conjurations
 + Level 1.6 Hexes
 + Level 1.6 Charms
 + Level 1.6 Summonings
 + Level 1.6 Necromancy
 + Level 1.6 Translocations
 + Level 1.6 Transmutations
 + Level 5.7 Fire Magic
 + Level 1.6 Ice Magic
 + Level 1.6 Air Magic
 + Level 1.6 Earth Magic
 + Level 1.6 Poison Magic
 + Level 2.3 Invocations
 + Level 2.1 Evocations


You had 5 spell levels left.
You knew the following spells:

 Your Spells              Type           Power        Failure   Level  Hunger
a - Flame Tongue          Conj/Fire      ###..        71%         1    None
b - Throw Flame           Conj/Fire      ###...       83%         2    None
d - Conjure Flame         Conj/Fire      ###.....     97%         3    ##.....
i - Sticky Flame          Conj/Fire      ###.....     100%        4    ####...


Dungeon Overview and Level Annotations

Branches:
Dungeon (8/15)             Temple (1/1) D:5
   Lair: D:8-11

Altars:
Cheibriados
Elyvilon
Ru
Sif Muna
Zin


Innate Abilities, Weirdness & Mutations

Your experience applies equally to all skills.
You have very sharp teeth.
Your uncanny sense of smell can sniff out nearby items.


Message History

The ice beast barely misses you.
Your chain mail of the Arcane prevents you from hitting the ice beast.
The ice beast is severely wounded.
The ice beast barely misses you.
You closely miss the ice beast.
You bite the ice beast, but do no damage.
The ice beast is severely wounded.
The ice beast hits you. The ice beast freezes you!
You closely miss the ice beast.
The ice beast is severely wounded.
The ice beast hits you but does no damage.
You puncture the ice beast!
You kill the ice beast!
Cheibriados appreciates the change of pace.
Your Fighting skill increases to level 2!
Your Short Blades skill increases to level 2!
Your Long Blades skill increases to level 2!
Your Axes skill increases to level 2!
Your Maces & Flails skill increases to level 2!
Your Polearms skill increases to level 2!
Your Staves skill increases to level 2!
Your Slings skill increases to level 2!
Your Bows skill increases to level 2!
Your Crossbows skill increases to level 2!
Your Throwing skill increases to level 2!
Your Armour skill increases to level 2!
Your Dodging skill increases to level 5!
Your Shields skill increases to level 2!
Your Unarmed Combat skill increases to level 2!
Your Evocations skill increases to level 2!
Found a stone staircase leading up.
There is a stone staircase leading up here.
You climb upwards.
You hear the hiss of flowing sand.
There is an entrance to an ossuary on this level.
Hurry and find it before the portal is buried!
You hear the brisk hiss of a very distant avalanche of sand.
Found a papyrus book.
There is a stone staircase leading down here.
Found a stone staircase leading up.
You see here a book of Changes.
q - a book of Changes
There is a stone staircase leading up here.
You climb upwards.
Found a scroll labeled ECETIUXTYI.
There is a stone staircase leading down here.
Unknown command.
You see here a scroll labeled ECETIUXTYI.
o - 4 scrolls labeled ECETIUXTYI (gained 1)
There is a stone staircase leading down here.
You climb downwards.
You hear the hiss of flowing sand.
There is an entrance to an ossuary on this level.
Hurry and find it before the portal is buried!
There is a stone staircase leading up here.
Found a scroll of fog.
Found 13 bolts.
You see here a scroll of fog.
w - 3 scrolls of fog (gained 1)
There is a stone staircase leading down here.
You climb downwards.
There is a stone staircase leading up here.
Unknown command.
Found a stone staircase leading down.
There is a stone staircase leading down here.
As you read the scroll labeled ECETIUXTYI, it crumbles to dust.
You feel as if something is helping you.
It was a scroll of remove curse.
Adjust (i)tems, (s)pells, or (a)bilities?
Okay, then.
None of your equipped items are cursed.
Adjust (i)tems, (s)pells, or (a)bilities?
Adjust which item? (? for menu, Esc to quit)
n - 34 sling bullets Adjust to which letter? (? for menu, Esc to quit)
Okay, then.
Adjust (i)tems, (s)pells, or (a)bilities?
Adjust which item? (? for menu, Esc to quit)
i - 2 throwing nets {!f} Adjust to which letter? (? for menu, Esc to quit)
n - 2 throwing nets {!f};
i - 34 sling bullets Quiver which item? (- for none, * to show all) (? for menu, Esc to quit)
Quivering
t - 9 tomahawks for throwing.
There is a stone staircase leading down here.
You climb downwards.
There is a stone staircase leading up here.
Unknown command.
HP restored.
A death yak comes into view.
The death yak bellows!
You hear a bellow! x2
A death yak comes into view.
The death yak bellows! 2 yaks come into view.
You hear a bellow!
The death yak snorts and paws the ground.
The flow of time bends around you.
The death yak resists with some effort.
You feel slightly more hungry. The death yak gores you.
The flow of time bends around you.
The death yak resists with some effort.
You feel slightly more hungry. The death yak gores you!
You fail to use your ability.
The death yak gores you!
* * * LOW HITPOINT WARNING * * *
You feel better. The death yak gores you!!
You die... #.# ######.### ###.## #........# #....# #........# #....# #........# #....# #........# #....###.....#..# #.........#### YYY

###Y#.....# .
#@#.....# #.#.....#
#.#.....# ###
#.#.....# #.#
#.#....... #.#
#.#.....## #.#
#.###+###
###.############.# .#
#................###.#


You could see a death yak.

Vanquished Creatures
  An ice beast (D:7)
  A centaur (D:6)
  A scorpion (D:4)
  A jelly (D:5)
  An orc wizard (D:6)
  A worker ant (D:5)
  3 gnolls (D:7)
  An adder (D:4)
  An ooze (D:2)
  A worm (D:3)
  A dart slug (D:2)
  6 orcs
  3 bats (D:2)
  4 giant cockroaches
  2 hobgoblins (D:2)
  2 jackals (D:1)
  A quokka (D:4)
  A ball python (D:7)
  2 goblins
  8 kobolds
  3 rats
45 creatures vanquished.

Notes
Turn   | Place    | Note
-------+----------+-------------------------------------------
     0 | D:1      | tidbits the Gnoll Fire Elementalist began the quest for the Orb.
     0 | D:1      | Reached XP level 1. HP: 13/13 MP: 6/6
    67 | D:1      | Reached skill level 2 in Conjurations
    75 | D:2      | Reached XP level 2. HP: 19/19 MP: 3/7
   247 | D:2      | Reached XP level 3. HP: 20/25 MP: 7/9
   268 | D:2      | Reached skill level 5 in Spellcasting
   456 | D:3      | Reached skill level 1 in Invocations
   535 | D:4      | Reached skill level 1 in Fighting
   535 | D:4      | Reached skill level 1 in Short Blades
   535 | D:4      | Reached skill level 1 in Long Blades
   535 | D:4      | Reached skill level 1 in Axes
   535 | D:4      | Reached skill level 1 in Maces & Flails
   535 | D:4      | Reached skill level 1 in Polearms
   535 | D:4      | Reached skill level 1 in Staves
   535 | D:4      | Reached skill level 1 in Slings
   535 | D:4      | Reached skill level 1 in Bows
   535 | D:4      | Reached skill level 1 in Crossbows
   535 | D:4      | Reached skill level 1 in Throwing
   535 | D:4      | Reached skill level 1 in Armour
   535 | D:4      | Reached skill level 1 in Shields
   535 | D:4      | Reached skill level 1 in Unarmed Combat
   535 | D:4      | Reached skill level 1 in Evocations
   559 | D:4      | Noticed a scorpion
   566 | D:4      | Killed a scorpion
   566 | D:4      | Reached skill level 1 in Hexes
   566 | D:4      | Reached skill level 1 in Charms
   566 | D:4      | Reached skill level 1 in Summonings
   566 | D:4      | Reached skill level 1 in Necromancy
   566 | D:4      | Reached skill level 1 in Translocations
   566 | D:4      | Reached skill level 1 in Transmutations
   566 | D:4      | Reached skill level 1 in Ice Magic
   566 | D:4      | Reached skill level 1 in Air Magic
   566 | D:4      | Reached skill level 1 in Earth Magic
   566 | D:4      | Reached skill level 1 in Poison Magic
   566 | D:4      | Reached XP level 4. HP: 23/32 MP: 4/11
   581 | D:4      | Learned a level 2 spell: Throw Flame
   586 | D:4      | Learned a level 4 spell: Sticky Flame
   590 | D:4      | Learned a level 3 spell: Conjure Flame
   620 | D:5      | Entered Level 5 of the Dungeon
   631 | D:5      | Found a staircase to the Ecumenical Temple.
   635 | Temple   | Entered the Ecumenical Temple
   678 | Temple   | Became a worshipper of Cheibriados the Contemplative
   732 | D:5      | Reached XP level 5. HP: 37/37 MP: 9/12
   785 | D:6      | Noticed a centaur
   811 | D:6      | Killed a centaur
   811 | D:6      | Reached skill level 2 in Invocations
   811 | D:6      | Reached XP level 6. HP: 10/44 MP: 7/13
   866 | D:7      | Got a smoking chain mail
   882 | D:7      | Identified the cursed +1 chain mail of the Arcane {rElec rF+ Slay+6} (You found it on level 7 of the Dungeon)
  1021 | D:7      | Noticed an ice beast
  1028 | D:7      | Killed an ice beast
  1028 | D:7      | Reached skill level 2 in Fighting
  1028 | D:7      | Reached skill level 2 in Short Blades
  1028 | D:7      | Reached skill level 2 in Long Blades
  1028 | D:7      | Reached skill level 2 in Axes
  1028 | D:7      | Reached skill level 2 in Maces & Flails
  1028 | D:7      | Reached skill level 2 in Polearms
  1028 | D:7      | Reached skill level 2 in Staves
  1028 | D:7      | Reached skill level 2 in Slings
  1028 | D:7      | Reached skill level 2 in Bows
  1028 | D:7      | Reached skill level 2 in Crossbows
  1028 | D:7      | Reached skill level 2 in Throwing
  1028 | D:7      | Reached skill level 2 in Armour
  1028 | D:7      | Reached skill level 5 in Dodging
  1028 | D:7      | Reached skill level 2 in Shields
  1028 | D:7      | Reached skill level 2 in Unarmed Combat
  1028 | D:7      | Reached skill level 2 in Evocations
  1142 | D:8      | Noticed a death yak
  1142 | D:8      | Noticed a death yak
  1143 | D:8      | Noticed a yak
  1143 | D:8      | Noticed a yak
  1154 | D:8      | Slain by a death yak

Skill      XL: |  1  2  3  4  5  6 |
---------------+-------------------+-----
Conjurations   | 2 |  2.7
Spellcasting   | 5 |  5.4
Invocations    | 1 2 |  2.3
Fighting       | 1 2 |  2.1
Short Blades   | 1 2 |  2.1
Long Blades    | 1 2 |  2.1
Axes           | 1 2 |  2.1
Maces & Flails | 1 2 |  2.1
Polearms       | 1 2 |  2.1
Staves         | 1 2 |  2.1
Slings         | 1 2 |  2.1
Bows           | 1 2 |  2.1
Crossbows      | 1 2 |  2.1
Throwing       | 1 2 |  2.1
Armour         | 1 2 |  2.1
Shields        | 1 2 |  2.1
Unarmed Combat | 1 2 |  2.1
Evocations     | 1 2 |  2.1
Hexes          | 1 |  1.6
Charms         | 1 |  1.6
Summonings     | 1 |  1.6
Necromancy     | 1 |  1.6
Translocations | 1 |  1.6
Transmutations | 1 |  1.6
Ice Magic      | 1 |  1.6
Air Magic      | 1 |  1.6
Earth Magic    | 1 |  1.6
Poison Magic   | 1 |  1.6
Dodging        | 5 |  5.0
Stealth        | |  4.6
Fire Magic     | |  5.7

Action                   |  1- 3 |  4- 6 || total
-------------------------+-------+-------++-------
Melee: Dagger            |    24 |     1 ||    25
       Short sword       |       |    30 ||    30
       Bite              |       |     3 ||     3
       Punch             |       |     1 ||     1
 Cast: Flame Tongue      |    32 |     9 ||    41
       Sticky Flame      |       |     1 ||     1
Invok: Bend Time         |       |     2 ||     2
  Use: Potion            |       |     4 ||     4
       Scroll            |       |     5 ||     5
 Stab: Sleeping          |    10 |     1 ||    11
  Eat: Ration            |       |     1 ||     1
Armor: Robe              |     7 |     2 ||     9
       Chain mail        |       |     4 ||     4
Dodge: Dodged            |    28 |    31 ||    59

Table legend:
 A = Turns spent in this place as a percentage of turns spent in the entire game.
 B = Non-inter-level travel turns spent in this place as a percentage of non-inter-level travel turns spent in the entire game.
 C = Inter-level travel turns spent in this place as a percentage of turns spent in this place.
 D = Turns resting spent in this place as a percentage of non-inter-level travel turns spent in this place.
 E = Turns spent auto-exploring this place as a percentage of non-inter-level travel turns spent in this place.
 F = Non-inter-level travel turns spent in this place divided by the number of levels of this place that you've seen.
                   A       B       C       D       E      F
               +-------+-------+-------+-------+-------+----------------------
         Total | 100.0 | 100.0 |   0.0 |   0.0 |   0.0 | 128.2
       Dungeon |  93.8 |  93.8 |   0.0 |   0.0 |   0.0 | 135.2
        Temple |   6.2 |   6.2 |   0.0 |   0.0 |   0.0 |  72.0
               +-------+-------+-------+-------+-------+----------------------

Table legend:
 A = Kills in this place as a percentage of kills in entire the game.
 B = Kills by you in this place as a percentage of kills by you in the entire game.
 C = Kills by friends in this place as a percentage of kills by friends in the entire game.
 D = Other kills in this place as a percentage of other kills in the entire game.
 E = Experience gained in this place as a percentage of experience gained in the entire game.
 F = Experience gained in this place divided by the number of levels of this place that you have seen.
                   A       B       C       D       E      F
               +-------+-------+-------+-------+-------+----------------------
         Total | 100.0 | 100.0 |   N/A |   N/A | 100.0 |  62.6
       Dungeon | 100.0 | 100.0 |   N/A |   N/A | 100.0 |  70.4
               +-------+-------+-------+-------+-------+----------------------

Vault maps used:
D:1:      saegor_arrival_simple_c
D:2:      first_ration, grunt_decor_fettered
D:4:      serial_shops, shop, dk_noncrumbling_4, minivault_24, uniq_pikel
D:5:      temple_green
D:6:      lemuel_zombie_altar_yredelemnul, lightli_ossuary_entry_decrepit_ruins
D:7:      uniq_duvessa
D:8:      minitemple, dpeg_lair_monsters
Temple:   minmay_temple_forest_path
